 Dungeon Crawl Stone Soup version 0.20-a0-1008-g0de3dc5 (console) character file.

17136 vuev the Basher (level 12, -6/79 HPs)
             Began as a Gargoyle Fighter on Apr 14, 2017.
             Was an Elder of Makhleb.
             Killed from afar by a molten gargoyle (9 damage)
             ... with a bolt of magma
             ... in a volcano.
             The game lasted 00:16:25 (12714 turns).

vuev the Basher (Gargoyle Fighter)                 Turns: 12714, Time: 00:16:26

Health: -6/79      AC: 21    Str: 23    XL:     12   Next: 44%
Magic:  12/12      EV: 10    Int: 10    God:    Makhleb [****..]
Gold:   303        SH: 15    Dex: 13    Spells: 11/11 levels left

rFire    . . .     SeeInvis .   N - +7 flail {holy, rPois Str+3 Stlth+}
rCold    . . .     Gourm    .   c - +0 shield
rNeg     + . .     Faith    .   b - +0 scale mail
rPois    ∞         Spirit   .   (no helmet)
rElec    +         Reflect  +   j - +0 cloak
rCorr    .         Harm     .   T - +1 pair of gloves
MR       .....                  (no boots)
Stlth    +.........             u - +6 amulet of reflection
Regen    0.3/turn               w - +3 ring of evasion
MPRegen  0.2/turn               (no ring)

@: no status effects
A: negative energy resistance 1, electricity resistance, unbreathing,
petrification resistance, rot immunity, AC +8
a: Minor Destruction, Lesser Servant of Makhleb, Major Destruction, Renounce
Religion


You were in a volcano.
You worshipped Makhleb.
Makhleb was greatly pleased with you.
You were not hungry.

You visited 3 branches of the dungeon, and saw 14 of its levels.
You also visited: Volcano.

You collected 751 gold pieces.
You spent 448 gold pieces at shops.

Inventory:

Hand Weapons
 r - a +4 mace
 N - the +7 flail of Starshine (weapon) {holy, rPois Str+3 Stlth+}
   (You found it on level 7 of the Dungeon)

   It has been blessed by the Shining One to cause great damage to the undead
   and demons.
   It affects your strength (+3).
   It protects you from poison.
   It makes you more stealthy.
Missiles
 q - 3 tomahawks of returning (quivered)
Armour
 b - a +0 scale mail (worn)
 c - a +0 shield (worn)
 j - a +0 cloak (worn)
 J - the +6 chain mail "Zuqoll" {+Fly rElec rN++ Dex-5}
   (You found it on level 7 of the Dungeon)

   It affects your dexterity (-5).
   It insulates you from electricity.
   It greatly protects you from negative energy.
   It lets you fly.
 T - a +1 pair of gloves (worn)
Jewellery
 n - an uncursed amulet of rage
 u - a +6 amulet of reflection (around neck)
 w - a +3 ring of evasion (left hand)
 S - an uncursed ring of positive energy
Wands
 L - a wand of flame (37/48)
 M - a wand of acid (2/15)
 P - a wand of flame (34/48)
 Q - a wand of scattershot (2/9)
 R - a wand of acid (4/15)
 U - a wand of confusion (8/48)
 V - a wand of digging (12/24)
Scrolls
 a - a scroll of fog
 h - 2 scrolls of immolation
 i - 2 scrolls of enchant armour
 k - 7 scrolls of recharging
 l - 6 scrolls of teleportation {unknown}
 p - 4 scrolls of identify
 t - 6 scrolls of enchant weapon {unknown}
 x - a scroll of random uselessness {unknown}
 y - 7 scrolls of remove curse {unknown}
 C - 2 scrolls of fear {unknown}
 O - 2 scrolls of vulnerability {unknown}
Potions
 e - 2 potions of berserk rage
 g - 2 potions of flight {unknown}
 o - a potion of lignification {unknown}
 s - a potion of resistance
 v - a potion of magic {unknown}
 z - 2 potions of degeneration {unknown}
 A - 7 potions of curing
 B - 2 potions of might
 E - 2 potions of heal wounds
 G - a potion of mutation {unknown}
 H - a potion of experience {unknown}
 I - 5 potions of haste {unknown}
 K - 2 potions of invisibility {unknown}
Books
 d - a book of Battle

   Spells                             Type                      Level
   a - Infusion                       Charms                       1
   b - Shroud of Golubria             Charms/Translocation         2
   c - Song of Slaying                Charms                       2
   d - Spectral Weapon                Hexes/Charms                 3
   e - Regeneration                   Charms/Necromancy            3
 X - a book of Cantrips

   Spells                             Type                      Level
   a - Confusing Touch                Hexes                        1
   b - Animate Skeleton               Necromancy                   1
   c - Summon Small Mammal            Summoning                    1
   d - Apportation                    Translocation                1
Comestibles
 f - 3 bread rations
 m - 5 meat rations
 D - 5 fruits
 F - 5 royal jellies


   Skills:
 + Level 10.7 Fighting
 + Level 14.8 Maces & Flails
 + Level 10.2 Armour
 - Level 3.2 Shields
 - Level 0.6 Evocations


You had 11 spell levels left.
You didn't know any spells.

Dungeon Overview and Level Annotations

Branches:
Dungeon (10/15)            Temple (1/1) D:5            Lair (3/6) D:10
  Snake (0/4) Lair:3
  Swamp: Lair:2-4    Shoals: Lair:2-4       Orc: D:9-12

Altars:
Ashenzari
Cheibriados
Dithmenos
Elyvilon
Fedhas
Gozag
Hepliaklqana
Kikubaaqudgha
Makhleb
Nemelex Xobeh
Okawaru
Qazlal
Ru
Sif Muna
Trog
Uskayaw
Vehumet
Wu Jian
Xom
Yredelemnul
Zin
The Shining One

Shops:
D:7 :   D:8 *   D:10 :*%!}

Portals:
Trove: D:10 (show abyssal rune of Zot)

Annotations:
D:2 Natasha
Lair:1 exclusion: oklob plant


Innate Abilities, Weirdness & Mutations

You are resistant to torment.
Your stone body is resilient. (AC +8)
You are immune to poison.
You resist negative energy. (rN+)
You are resistant to electric shocks. (rElec)
You can survive without breathing.
You are immune to petrification.
You are immune to rotting.


Message History

A molten gargoyle comes into view. It is wielding a mace.
The efreet gestures at you.
The fireball explodes!
The fireball engulfs you!
The fireball engulfs the efreet.
The efreet completely resists.
The molten gargoyle blasts magma at you!
The bolt of magma hits you!
Put on which piece of jewellery? (? for menu, Esc to quit)
Okay, then.
You hit the efreet but do no damage. You block the efreet's attack.
The molten gargoyle blasts magma at you!
The bolt of magma hits you!
You thump the efreet!
The efreet convulses.
The efreet is heavily wounded.
The efreet hits you but does no damage.
The molten gargoyle blasts magma at you!
The bolt of magma hits you!
* * * LOW HITPOINT WARNING * * *
The molten gargoyle blasts magma at you!
The bolt of magma hits you!
You die...

#########
##§≈≈≈≈§§##
##§≈§≈≈≈§≈≈#
##....≈.≈....
#....∩...∩...
##...@..9....
##....9....#
###R###'###
..≈≈##..#
§.≈≈§≈# ..
.≈≈≈§§## .
#..≈≈≈≈#
##...≈≈#
##.§§##


You could see an efreet and 2 molten gargoyles.

Vanquished Creatures
  2 hydras
  2 two-headed ogres (D:9)
  An unseen horror (D:10)
  6 elephants (Lair:2)
  2 black mambas
  Joseph (D:9)
  3 spiny frogs (Lair:1)
  3 komodo dragons
  An efreet (Volcano)
  A troll (D:9)
  A polar bear (Lair:2)
  10 blink frogs (Lair:2)
  2 hippogriffs
  Sigmund (D:2)
  A wyvern (D:10)
  A hungry ghost (D:7)
  A basilisk (Lair:2)
  7 water moccasins
  An acid dragon (D:10)
  3 porcupines (Lair:1)
  3 orc warriors
  5 ice beasts
  3 black bears
  4 ogres
  2 phantoms
  5 sky beasts
  3 wolves (Lair:1)
  8 crocodiles
  8 bullfrogs
  2 scorpions
  3 killer bees (D:9)
  2 howler monkeys (D:9)
  An electric eel (Lair:1)
  3 jellies
  A crimson imp (D:6)
  5 orc wizards
  Crazy Yiuf (D:3)
  A centaur skeleton (D:8)
  8 orc priests
  4 hounds
  Jessica (D:2)
  Natasha (twice) (D:2)
  6 iguanas
  5 worker ants
  A hound skeleton (D:4)
  A worker ant zombie (D:7)
  11 adders
  2 shadow imps
  4 worms
  A dart slug (D:2)
  5 leopard geckos
  30 orcs
  3 ball pythons
  4 bats
  7 giant cockroaches
  6 goblins
  8 hobgoblins
  15 jackals
  10 kobolds
  4 quokkas
  6 frilled lizards
  A jackal skeleton (D:8)
  A leopard gecko skeleton (D:7)
  A quokka skeleton (D:4)
  9 rats
266 creatures vanquished.

Vanquished Creatures (others)
  A plant (Lair:1)
1 creature vanquished.

Grand Total: 267 creatures vanquished

Notes
Turn   | Place    | Note
-------+----------+-------------------------------------------
     0 | D:1      | vuev the Gargoyle Fighter began the quest for the Orb.
     0 | D:1      | Reached XP level 1. HP: 14/14 MP: 1/1
   304 | D:1      | Reached XP level 2. HP: 18/19 MP: 2/2
   446 | D:1      | Found a sparkling altar of Nemelex Xobeh.
   985 | D:2      | Reached XP level 3. HP: 23/24 MP: 3/3
   991 | D:2      | Noticed Jessica
  1000 | D:2      | Killed Jessica
  1000 | D:2      | Reached skill level 3 in Maces & Flails
  1016 | D:2      | Reached XP level 4. HP: 29/29 MP: 4/4
  1199 | D:2      | Found a snail-covered altar of Cheibriados.
  1454 | D:2      | Noticed Sigmund
  1463 | D:2      | Killed Sigmund
  1463 | D:2      | Reached skill level 4 in Maces & Flails
  1463 | D:2      | Reached XP level 5. HP: 27/34 MP: 5/5
  1463 | D:2      | Reached XP level 6. HP: 31/39 MP: 6/6
  1534 | D:2      | Noticed Natasha
  1542 | D:2      | Killed Natasha
  1542 | D:2      | Reached skill level 5 in Maces & Flails
  1694 | D:2      | Noticed Natasha
  1707 | D:2      | Killed Natasha
  1796 | D:2      | Noticed Natasha
  2311 | D:3      | Found a runed door.
  2349 | D:3      | Noticed Crazy Yiuf
  2353 | D:3      | Killed Crazy Yiuf
  2672 | D:3      | Reached skill level 6 in Maces & Flails
  2672 | D:3      | Reached XP level 7. HP: 6/44 MP: 7/7
  2680 | D:3      | HP: 3/66 [jackal (2)]
  4032 | D:4      | Reached skill level 5 in Armour
  4058 | D:4      | Reached skill level 5 in Fighting
  4058 | D:4      | Reached skill level 7 in Maces & Flails
  4289 | D:5      | Entered Level 5 of the Dungeon
  4441 | D:5      | Reached XP level 8. HP: 29/49 MP: 8/8
  4623 | D:5      | Found a staircase to the Ecumenical Temple.
  4734 | Temple   | Entered the Ecumenical Temple
  4986 | Temple   | Became a worshipper of Makhleb the Destroyer
  5995 | D:6      | Found a radiant altar of Vehumet.
  5995 | D:6      | Found a sacrificial altar of Ru.
  5996 | D:6      | Found a deep blue altar of Sif Muna.
  5997 | D:6      | Found a glowing silver altar of Zin.
  5997 | D:6      | Found a white marble altar of Elyvilon.
  5998 | D:6      | Found an ancient bone altar of Kikubaaqudgha.
  5998 | D:6      | Found a hide-covered altar of Uskayaw.
  5999 | D:6      | Found a stormy altar of Qazlal.
  6109 | D:6      | Reached skill level 8 in Maces & Flails
  6581 | D:7      | Found a basalt altar of Yredelemnul.
  6737 | D:7      | Reached * piety under Makhleb
  6780 | D:7      | Found Noygo's Book Shoppe.
  6800 | D:7      | Got a smoking chain mail
  6811 | D:7      | Identified the +6 chain mail "Zuqoll" {+Fly rElec rN++ Dex-5} (You found it on level 7 of the Dungeon)
  6859 | D:7      | Reached XP level 9. HP: 46/55 MP: 9/9
  7101 | D:7      | Reached skill level 9 in Maces & Flails
  7157 | D:7      | Found a sparkling altar of Nemelex Xobeh.
  7352 | D:7      | Got an ebony flail
  7353 | D:7      | Identified the +7 flail of Starshine {holy, rPois Str+3 Stlth+} (You found it on level 7 of the Dungeon)
  7697 | D:8      | Reached ** piety under Makhleb
  7883 | D:8      | Reached skill level 10 in Maces & Flails
  7884 | D:8      | Found Piluqyxt's Assorted Antiques.
  8428 | D:9      | Noticed Joseph
  8441 | D:9      | Killed Joseph
  8441 | D:9      | Reached XP level 10. HP: 63/63 MP: 10/10
  8543 | D:9      | Reached skill level 11 in Maces & Flails
  8753 | D:9      | Noticed a two-headed ogre
  8754 | D:9      | Noticed a two-headed ogre
  8769 | D:9      | Killed a two-headed ogre
  8775 | D:9      | Killed a two-headed ogre
  9096 | D:9      | Reached skill level 12 in Maces & Flails
  9309 | D:10     | Entered Level 10 of the Dungeon
  9337 | D:10     | Found a portal to a secret trove of treasure.
  9437 | D:10     | Found Doku's Distillery.
  9441 | D:10     | Bought a potion of curing for 36 gold pieces
  9450 | D:10     | Found Nuohy's General Store.
  9469 | D:10     | Bought a wand of digging (8/24) for 360 gold pieces
  9469 | D:10     | Bought a scroll of magic mapping for 52 gold pieces
  9495 | D:10     | Found Hasag's Food Emporium.
  9711 | D:10     | Found Kofuhumu's Book Emporium.
  9930 | D:10     | Found Niloipp's Gadget Shop.
  9989 | D:10     | Killed an unseen horror
 10097 | D:10     | Reached XP level 11. HP: 69/69 MP: 11/11
 10157 | D:10     | Reached *** piety under Makhleb
 10218 | D:10     | Found a staircase to the Lair.
 10418 | Lair:1   | Entered Level 1 of the Lair of Beasts
 10479 | Lair:1   | Reached skill level 13 in Maces & Flails
 10643 | Lair:1   | Noticed an oklob plant
 11197 | Lair:1   | Noticed a five-headed hydra
 11207 | Lair:1   | Killed a five-headed hydra
 11580 | Lair:2   | Reached skill level 14 in Maces & Flails
 11773 | Lair:2   | Reached skill level 10 in Fighting
 11779 | Lair:2   | Reached XP level 12. HP: 77/77 MP: 12/12
 11907 | Lair:2   | Reached **** piety under Makhleb
 12428 | Lair:2   | Reached skill level 10 in Armour
 12482 | Lair:2   | Noticed a four-headed hydra
 12490 | Lair:2   | Killed a four-headed hydra
 12696 | Lair:3   | Found a dark tunnel.
 12699 | Volcano  | Entered a volcano
 12713 | Volcano  | HP: 3/79 [molten gargoyle/bolt of magma (22)]
 12714 | Volcano  | Killed from afar by a molten gargoyle

Vault maps used:
D:1:      ncdulo_halloftheorcs, serial_forest, infiniplex_forest_lined_3,
          infiniplex_forest_clump_double, infiniplex_forest_clump_medium,
          infiniplex_forest_end_2, infiniplex_forest_clump_diagonal,
          infiniplex_forest_join, minmay_misc_feat_hallway,
          nemelex_diamond_rough_becter
D:2:      cheibriados_altar_1, uniq_sigmund, uniq_natasha, uniq_jessica
D:3:      uniq_crazy_yiuf_cottage
D:4:      first_bread
D:5:      minmay_temple_entry_trees, bh_walls_and_bars
D:6:      grunt_temple_overflow_open, kennysheep_path_1
D:7:      nemelex_xobeh_ov_fountains_minmay, serial_shops, shop, basic_altar
D:8:      serial_shops, shop
D:9:      uniq_joseph
D:10:     erik_lair_dragon, nicolae_trove_entry_crossroad, serial_shops,
          nicolae_shop_trees, nicolae_shop_trees, shop_fountains, shop, shop
Temple:   hc_temple_tempest_star
Lair:1:   nicolae_quartered_pool_little, minmay_lair_oklob_chamber
Lair:2:   cheibrodos_lair_river_kwai
Lair:3:   guppyfry_snake_entry_garden, enter_volcano_4
Volcano:  volcano_aerie

Skill      XL: |  1  2  3  4  5  6  7  8  9 10 11 12 |
---------------+-------------------------------------+-----
Fighting       | 4 5 6 7 8 10 | 10.7
Maces & Flails | 3 4 6 7 8 10 12 14 | 14.8
Armour         | 4 5 6 7 8 9 10 | 10.2
Shields        | |  3.2
Evocations     | |  0.6

Action                   |  1- 3 |  4- 6 |  7- 9 | 10-12 || total
-------------------------+-------+-------+-------+-------++-------
Melee: Flail             |    69 |   103 |    73 |   482 ||   727
       Mace              |       |    47 |   287 |       ||   334
Throw: Tomahawk          |       |       |     1 |     1 ||     2
 Abil: Evoke Berserk Rag |       |     2 |     5 |     1 ||     8
Evoke: Wand              |       |       |       |     1 ||     1
  Use: Potion            |       |     1 |       |     1 ||     2
       Scroll            |       |       |     3 |     6 ||     9
  Eat: Chunk             |       |     7 |    26 |    13 ||    46
       Fruit             |       |       |     1 |       ||     1
       Bread ration      |       |       |       |     1 ||     1
Armor: Scale mail        |    30 |    57 |   134 |   164 ||   385
Dodge: Dodged            |    23 |    36 |   133 |   106 ||   298
Block: Shield            |    33 |    65 |   153 |   316 ||   567
       Reflection        |       |       |     1 |     2 ||     3
